 Dungeon Crawl Stone Soup version 0.22-a0-609-gfedc9ff (webtiles) character file.

7006 robertstho the Envoy of Void (level 10, -2/76 HPs)
             Began as a Demonspawn Abyssal Knight on July 10, 2018.
             Was a High Priest of Lugonu.
             Slain by a cyclops (26 damage)
             ... on level 10 of the Dungeon.
             The game lasted 00:21:54 (8361 turns).

robertstho the Envoy of Void (DsAK)                 Turns: 8361, Time: 00:21:55

Health: -2/76      AC: 18    Str: 18    XL:     10   Next: 82%
Magic:  16/16      EV: 12    Int: 13    God:    Lugonu [*****.]
Gold:   308        SH:  9    Dex: 18    Spells: 9/9 levels left

rFire    + + .     SeeInvis .   t - +1 flail (venom)
rCold    . . .     Gourm    .   M - +0 shield (curse)
rNeg     + . .     Faith    .   e - +0 fire dragon scales
rPois    .         Spirit   .   D - +0 hat
rElec    .         Reflect  .   F - +1 cloak {MR+}
rCorr    +         Harm     .   o - +0 pair of gloves
MR       +....                  x - +0 pair of boots
Stlth    ..........             (no amulet)
HPRegen  0.22/turn              d - +5 ring of evasion
MPRegen  0.15/turn              A - ring "Rytu" {rCorr *Contam rC+ rN+ Dex+2}

@: mighty
A: icy blue scales 2, spiny 1
a: Depart the Abyss, Bend Space, Banish, Corrupt, Enter the Abyss, Renounce
Religion


You were on level 10 of the Dungeon.
You worshipped Lugonu.
Lugonu was extremely pleased with you.
You were not hungry.

You visited 1 branch of the dungeon, and saw 10 of its levels.
You visited the Abyss 1 time.

You collected 516 gold pieces.
You spent 208 gold pieces at shops.

Inventory:

Hand Weapons
 a - a +1 hand axe
 g - a +0 whip of venom
 p - a +0 vampiric short sword
 t - a +1 flail of venom (weapon)
 C - a +0 morningstar of protection
 E - a +3 quarterstaff of chaos
 G - a +3 shortbow
Missiles
 i - 95 sling bullets
 w - 42 bolts
 y - a throwing net (quivered)
 H - 110 arrows
 J - 8 poisoned tomahawks
Armour
 e - +0 fire dragon scales (worn)
 o - a +0 pair of gloves (worn)
 x - a +0 pair of boots (worn)
 D - a +0 hat (worn)
 F - a +1 cloak of magic resistance (worn)
 M - a cursed +0 shield (worn)
Jewellery
 d - a +5 ring of evasion (left hand)
 A - the ring "Rytu" (right hand) {rCorr *Contam rC+ rN+ Dex+2}
   (You took it off a centaur on level 5 of the Dungeon)

   [ring of resist corrosion]

   It affects your dexterity (+2).
   It protects you from cold.
   It protects you from negative energy.
   It causes magical contamination when unequipped.
 B - an uncursed ring of fire
 Q - a cursed amulet of inaccuracy {unknown}
Wands
 K - a wand of disintegration (25)
 O - a wand of scattershot (3)
Scrolls
 b - 3 scrolls of magic mapping {unknown}
 j - 3 scrolls of immolation {unknown}
 k - 5 scrolls of teleportation {unknown}
 l - 5 scrolls of enchant weapon {unknown}
 m - 3 scrolls of enchant armour {unknown}
 n - 3 scrolls of fear
 q - 3 scrolls of amnesia {unknown}
 u - a scroll of remove curse
 v - 2 scrolls of blinking {unknown}
 N - a scroll of vulnerability {unknown}
 P - a scroll of summoning {unknown}
Potions
 f - a potion of agility
 h - 6 potions of curing
 r - 2 potions of ambrosia
 s - a potion of flight
 z - 2 potions of might
 I - a potion of cancellation
 L - 2 potions of heal wounds
Comestibles
 c - 22 rations
 R - 2 chunks of flesh


   Skills:
 + Level 6.3 Fighting
 * Level 6.2(8.2) Axes
 + Level 8.2(9.3) Maces & Flails
 + Level 2.0(5.5) Staves
 + Level 0.4 Bows
 * Level 7.6 Armour
 - Level 1.0 Dodging
 + Level 2.4 Shields
 * Level 8.8 Invocations


You had 9 spell levels left.
You didn't know any spells.
Your spell library was empty.

Dungeon Overview and Level Annotations

Branches:
Dungeon (10/15)            Temple (0/1) D:5             Orc (0/2) D:10
   Lair: D:8-11

Altars:
Elyvilon
Fedhas
Gozag
Ru
Vehumet
Zin

Shops:
D:7 *


Innate Abilities, Weirdness & Mutations

You are mostly covered in icy blue scales. (AC +3)
You are partially covered in sharp spines.


Message History

The cyclops closely misses you.
Your shield and fire dragon scales prevent you from hitting the cyclops.
The cyclops is lightly wounded.
The orc wizard hits you but does no damage.
You hit the orc wizard.
The orc wizard is poisoned.
The orc wizard is lightly wounded.
The orc wizard barely misses you. The cyclops misses you.
You block the orc wizard's attack.
Your shield and fire dragon scales prevent you from hitting the cyclops.
The cyclops is lightly wounded.
You block the orc wizard's attack. The cyclops hits you!!
You feel very mighty all of a sudden. The orc wizard casts a spell at you.
The magic dart hits you!
You thump the cyclops!
The cyclops is lightly wounded.
The orc wizard is struck by your spines.
The orc wizard hits you but does no damage.
The cyclops is struck by your spines. The cyclops hits you!!
You die...

.........................
#####....................
#....................
#.##.................
#....................
#######................
#.....'................
.###+###)...)[..........
.......@#######+########
..#...oC# ........#
#+###.... #.... #....#
#....# .....#


You could see a cyclops and an orc wizard.

Vanquished Creatures
  Gastronok (D:8)
  An ugly thing (D:10)
  Joseph (D:7)
  A queen bee (D:9)
  A troll (D:10)
  A hippogriff (D:7)
  A hungry ghost (D:10)
  3 black bears
  A sky beast (D:6)
  An orc warrior (D:10)
  An ice beast (D:6)
  A phantom (D:5)
  6 centaurs
  2 necrophages
  4 ogres
  A crocodile (D:10)
  A big kobold (D:7)
  4 bullfrogs
  A wyvern skeleton (D:7)
  2 scorpions (D:5)
  14 killer bees (D:9)
  8 crimson imps
  3 bullfrog zombies
  4 orc wizards
  Crazy Yiuf (D:5)
  2 centaur skeletons
  2 orc priests
  3 hounds
  4 jellies
  4 iguanas
  7 worker ants
  2 hound zombies
  A hound skeleton (D:4)
  7 adders
  4 gnolls (D:4)
  2 shadow imps
  An adder skeleton (D:4)
  An adder zombie (D:5)
  A worm (D:5)
  A dart slug (D:2)
  3 leopard geckos
  22 orcs
  8 bats
  3 giant cockroaches
  4 goblins
  7 hobgoblins
  7 jackals
  5 quokkas
  A ball python (D:7)
  6 frilled lizards
  12 kobolds
  2 leopard gecko zombies
  A quokka skeleton (D:4)
  7 rats
195 creatures vanquished.

Notes
Turn   | Place    | Note
-------+----------+-------------------------------------------
     0 | Abyss:1  | robertstho the Demonspawn Abyssal Knight began the quest for the Orb.
     0 | Abyss:1  | Reached XP level 1. HP: 18/18 MP: 2/2
     0 | D:1      | Escaped the Abyss
   348 | D:1      | Reached * piety under Lugonu
   353 | D:1      | Gained mutation: You are partially covered in icy blue scales. (AC +2) [demonic ancestry]
   353 | D:1      | Reached XP level 2. HP: 24/24 MP: 4/4
   617 | D:1      | Reached skill level 1 in Dodging
  1241 | D:2      | Reached XP level 3. HP: 18/29 MP: 5/5
  1538 | D:2      | Reached XP level 4. HP: 35/35 MP: 6/6
  1601 | D:2      | Found a radiant altar of Vehumet.
  1812 | D:3      | Reached ** piety under Lugonu
  1921 | D:3      | Reached skill level 1 in Maces & Flails
  2016 | D:3      | Found a sacrificial altar of Ru.
  2051 | D:3      | Found a blossoming altar of Fedhas.
  2290 | D:3      | Found a white marble altar of Elyvilon.
  2300 | D:3      | Found an opulent altar of Gozag.
  2436 | D:3      | Reached XP level 5. HP: 41/41 MP: 7/7
  2679 | D:4      | Noticed an ogre
  2717 | D:4      | Killed an ogre
  2786 | D:4      | Reached XP level 6. HP: 42/48 MP: 8/8
  3741 | D:5      | Entered Level 5 of the Dungeon
  3778 | D:5      | Reached *** piety under Lugonu
  3846 | D:5      | Reached XP level 7. HP: 50/54 MP: 10/10
  3853 | D:5      | Got a bound brass ring
  3987 | D:5      | Found a runed door.
  4462 | D:5      | Found a staircase to the Ecumenical Temple.
  4467 | D:5      | Reached skill level 5 in Armour
  4467 | D:5      | Reached skill level 5 in Invocations
  4499 | D:5      | Found a glowing silver altar of Zin.
  4500 | D:5      | Identified the ring "Rytu" {rCorr *Contam rC+ rN+ Dex+2} (You took it off a centaur on level 5 of the Dungeon)
  4516 | D:5      | Gained mutation: You are mostly covered in icy blue scales. (AC +3) [demonic ancestry]
  4516 | D:5      | Reached XP level 8. HP: 59/61 MP: 11/11
  4899 | D:5      | Noticed Crazy Yiuf
  4907 | D:5      | Killed Crazy Yiuf
  4952 | D:6      | Reached skill level 5 in Maces & Flails
  5748 | D:6      | Reached XP level 9. HP: 64/67 MP: 13/13
  5833 | D:7      | Reached **** piety under Lugonu
  5855 | D:7      | Found Vidacoz's General Store.
  5862 | D:7      | Bought a scroll of fear for 52 gold pieces
  5862 | D:7      | Bought a potion of curing for 45 gold pieces
  5862 | D:7      | Bought a potion of heal wounds for 75 gold pieces
  5862 | D:7      | Bought 12 arrows for 36 gold pieces
  6086 | D:7      | Reached skill level 5 in Fighting
  6167 | D:7      | Reached skill level 1 in Staves
  6544 | D:7      | Noticed Joseph
  6562 | D:7      | Killed Joseph
  6562 | D:7      | Reached skill level 5 in Axes
  6562 | D:7      | Reached skill level 1 in Shields
  6678 | D:8      | Noticed Gastronok
  6697 | D:8      | Killed Gastronok
  6697 | D:8      | Gained mutation: You are partially covered in sharp spines. [demonic ancestry]
  6697 | D:8      | Reached XP level 10. HP: 58/76 MP: 15/15
  8014 | D:10     | Entered Level 10 of the Dungeon
  8037 | D:10     | Reached ***** piety under Lugonu
  8068 | D:10     | Found a staircase to the Orcish Mines.
  8086 | D:10     | Noticed a brown ugly thing
  8099 | D:10     | Killed a brown ugly thing
  8343 | D:10     | Noticed a cyclops
  8361 | D:10     | Slain by a cyclops

Vault maps used:
D:1:      dpeg_arrival_water_altar
D:2:      nicolae_overflow_crystal_walls, first_ration
D:3:      amethyst_overflow_temple_binary, fedhas_altar_3,
          nicolae_ru_sacrificial_ziggurat, grunt_ministairs_7,
          minmay_misc_feat_columns
D:5:      lemuel_doored_altar, minmay_temple_entry_butterflies,
          saegor_snake_ambush, uniq_crazy_yiuf_cottage
D:7:      serial_shops, shop, uniq_joseph
D:8:      uniq_gastronok
D:9:      david_nohive_1
D:10:     orc_0_dummy
Abyss:1:  serial_sigils_hangedman_gut

Skill      XL: |  1  2  3  4  5  6  7  8  9 10 |
---------------+-------------------------------+-----
Axes           | 2 3 4 5 6 |  6.2
Dodging        | 1 |  1.0
Armour         | 2 3 4 5 7 |  7.6
Invocations    | 3 4 5 6 7 8 |  8.8
Maces & Flails | 1 2 3 4 5 7 8 |  8.2
Fighting       | 4 5 6 |  6.3
Staves         | 2 |  2.0
Shields        | 1 2 |  2.4
Bows           | |  0.4

Action                   |  1- 3 |  4- 6 |  7- 9 | 10-12 || total
-------------------------+-------+-------+-------+-------++-------
Melee: Whip              |   101 |   160 |       |       ||   261
       Hand axe          |    10 |       |       |       ||    10
       Flail             |       |    56 |   338 |   174 ||   568
       Quarterstaff      |       |       |    37 |       ||    37
 Fire: Shortbow          |       |       |     7 |       ||     7
Invok: Depart the Abyss  |     1 |       |       |       ||     1
       Bend Space        |       |     1 |       |       ||     1
  Use: Potion            |     3 |     4 |       |     2 ||     9
       Scroll            |       |     7 |     3 |     2 ||    12
  Eat: Chunk             |     2 |     7 |    10 |     5 ||    24
       Ration            |       |       |       |     1 ||     1
Armor: Ring mail         |     9 |       |       |       ||     9
       Leather armour    |     2 |       |       |       ||     2
       Chain mail        |    26 |       |       |       ||    26
       Fire dragon scale |     3 |    92 |   184 |    78 ||   357
       Skin              |       |     8 |       |       ||     8
Dodge: Dodged            |    80 |   139 |   265 |    69 ||   553
Block: Shield            |       |       |    46 |    59 ||   105

Table legend:
 A = Spawn XP
 B = Non-spawn XP
 C = Spawn XP percentage of total XP
 D = Spawn monster count
 E = Non-spawn monster count
 F = Spawn count percentage of total count
 G = Total turns spent on level
                    A         B        C        D         E        F      G
               +---------+---------+-------+---------+---------+-------+---------
         Total |       0 |   10009 |   0.0 |       0 |     195 |   0.0 |  8361
               +---------+---------+-------+---------+---------+-------+---------
           D:1 |       0 |      16 |   0.0 |       0 |      13 |   0.0 |   870
           D:2 |       0 |      93 |   0.0 |       0 |      24 |   0.0 |   933
           D:3 |       0 |     108 |   0.0 |       0 |      23 |   0.0 |   857
           D:4 |       0 |     367 |   0.0 |       0 |      20 |   0.0 |  1244
           D:5 |       0 |    1366 |   0.0 |       0 |      36 |   0.0 |  1032
           D:6 |       0 |     968 |   0.0 |       0 |      15 |   0.0 |   861
           D:7 |       0 |    1498 |   0.0 |       0 |      17 |   0.0 |   847
           D:8 |       0 |    2610 |   0.0 |       0 |      11 |   0.0 |   841
           D:9 |       0 |    1438 |   0.0 |       0 |      23 |   0.0 |   529
          D:10 |       0 |    1545 |   0.0 |       0 |      13 |   0.0 |   347
               +---------+---------+-------+---------+---------+-------+---------
